 Dungeon Crawl Stone Soup version 0.29.1-12-g30fa7ad0bf (webtiles) character file.

Game seed: 11766695017066709802

1709 cheesebisquit the Cleaver (level 8, -1/66 HPs)
             Began as a Minotaur Berserker on Dec 28, 2022.
             Was a Believer of Trog.
             Slain by an unseen horror (8 damage)
             ... on level 7 of the Dungeon.
             The game lasted 00:23:53 (5440 turns).

cheesebisquit the Cleaver (Minotaur Berserker)      Turns: 5440, Time: 00:23:54

Health: -1/66      AC: 12    Str: 25    XL:     8   Next: 74%
Magic:  7/7        EV:  7    Int:  7    God:    Trog [**....]
Gold:   271        SH:  5    Dex:  9    Spells: 7/7 levels left

rFire   . . .      SeeInvis .   q - +0 war axe
rCold   . . .      Faith    .   (no shield)
rNeg    . . .      Spirit   .   e - +0 plate armour
rPois   .          Reflect  +   (helmet restricted)
rElec   .          Harm     +   (no cloak)
rCorr   .          Rampage  .   g - +0 pair of gloves
Will    .....                   (no boots)
Stlth   ..........              r - amulet "Hesta" {Reflect Harm Int+3 SH+5 Stlth+}
HPRegen 0.21/turn               (no ring)
MPRegen 0.10/turn               (no ring)

@: no status effects
A: horns 2, retaliatory headbutt
a: Renounce Religion, Berserk, Trog's Hand


You were on level 7 of the Dungeon.
You worshipped Trog.
Trog was pleased with you.
You visited 1 branch of the dungeon, and saw 7 of its levels.

You collected 320 gold pieces.
You spent 49 gold pieces at shops.

Inventory:

Hand Weapons
 b - a +0 sling
 q - a +0 war axe (weapon)
Missiles
 m - 14 poisoned darts (quivered)
Armour
 e - a +0 plate armour (worn)
 g - a +0 pair of gloves (worn)
Jewellery
 r - the amulet "Hesta" (around neck) {Reflect Harm Int+3 SH+5 Stlth+}
   (You found it on level 4 of the Dungeon)

   [amulet of reflection]

   It reflects blocked missile attacks.
   Int:       It affects your intelligence (+3).
   SH:        It affects your SH (+5).
   Harm:      It increases damage dealt and taken.
   Stlth:     It makes you more stealthy.
Wands
 n - a wand of polymorph (14)
 s - a wand of mindburst (10)
Scrolls
 a - a scroll of immolation
 c - a scroll of enchant weapon {unknown}
 h - a scroll of torment
 j - a scroll of vulnerability
 k - a scroll of fear {unknown}
 o - a scroll of poison
 p - a scroll of noise {unknown}
 t - a scroll of silence {unknown}
 u - a scroll of enchant armour {unknown}
 v - a scroll of butterflies {unknown}
 w - a scroll of teleportation {unknown}
Potions
 d - 4 potions of curing
 f - a potion of magic {unknown}
 i - 2 potions of berserk rage
 l - 3 potions of flight


   Skills:
 - Level 4.2 Fighting
 + Level 13.1 Axes
 - Level 3.2 Armour
 - Level 3.0 Dodging


You had 7 spell levels left.
You didn't know any spells.
Your spell library was empty.

Dungeon Overview and Level Annotations

Branches:
Dungeon (7/15)             Temple (0/1) D:5

Altars:
Elyvilon
Fedhas

Shops:
D:2 (   D:3 *

Annotations:
D:7 Prince Ribbit


Innate Abilities, Weirdness & Mutations

You have a pair of horns on your head.
You reflexively headbutt those who attack you in melee.


Message History

Something hits you. Something hits you!
You slash something! Something hits you.
You closely miss Prince Ribbit. Something hits you but does no damage.
Prince Ribbit hits you.
You slash Prince Ribbit! You headbutt Prince Ribbit.
Prince Ribbit is moderately wounded.
You hit something but do no damage. Something hits you but does no damage.
Prince Ribbit hits you but does no damage.
You hit Prince Ribbit. Your headbutt misses Prince Ribbit.
Prince Ribbit is heavily wounded.
You miss something.
Something hits you but does no damage. x2
Prince Ribbit blinks!
You closely miss Prince Ribbit.
Prince Ribbit is heavily wounded.
You hit something but do no damage. Something hits you.
Prince Ribbit blinks!
Something hits you but does no damage.
Prince Ribbit hits you but does no damage.
Prince Ribbit hits you!
You closely miss Prince Ribbit.
Prince Ribbit is heavily wounded.
Something hits you.
Prince Ribbit hits you but does no damage.
You miss Prince Ribbit. Your headbutt misses Prince Ribbit.
Prince Ribbit is heavily wounded.
You slash something! Something hits you. Prince Ribbit hits you!
* * * LOW HITPOINT WARNING * * *
Something hits you but does no damage. Prince Ribbit attacks as you move away!
Prince Ribbit hits you.
* * * LOW HITPOINT WARNING * * *
Something hits you but does no damage.
Prince Ribbit hits you but does no damage.
You feel better. Something hits you.
* * * LOW HITPOINT WARNING * * *
Prince Ribbit barely misses you. Something hits you!
* * * LOW HITPOINT WARNING * * *
Something hits you.
* * * LOW HITPOINT WARNING * * *
Prince Ribbit attacks as you move away! Prince Ribbit closely misses you.
Something hits you!
You die...

######### #
#@......#
#.#.F.....#..
#............
###.....<#...
...............
...###.........
#. .##.##.... #
#. .# .... #.
.. ...


You could see Prince Ribbit.

Vanquished Creatures
  The ghost of wormed the Cleaver, a novice HOFi of Beogh (D:6)
  Sigmund (D:6)
  An orc warrior (D:6)
  2 ogres
  A centaur (D:5)
  Blork the orc (D:6)
  A bullfrog (D:4)
  A necrophage (D:4)
  A howler monkey (D:4)
  2 jellies (D:6)
  An orc priest (D:3)
  A hound (D:6)
  3 iguanas
  3 orc wizards
  3 gnolls (D:5)
  8 adders
  2 shadow imps
  An ufetubus (D:4)
  5 dart slugs
  13 orcs
  9 ball pythons
  4 bats
  5 endoplasms
  6 giant cockroaches
  6 goblins
  7 hobgoblins
  4 jackals (D:4)
  7 kobolds
  2 quokkas
  2 frilled lizards
  4 rats
108 creatures vanquished.

Notes
Turn   | Place    | Note
-------+----------+-------------------------------------------
     0 | D:1      | cheesebisquit the Minotaur Berserker began the quest for
                  | the Orb.
     0 | D:1      | Reached XP level 1. HP: 19/19 MP: 0/0
   366 | D:1      | Reached XP level 2. HP: 26/27 MP: 1/1
   695 | D:1      | Found a faded altar of an unknown god.
   786 | D:2      | Reached skill level 4 in Axes
   786 | D:2      | Reached XP level 3. HP: 26/33 MP: 2/2
   846 | D:2      | Found a white marble altar of Elyvilon.
   908 | D:2      | Found Posasat's Weapon Emporium.
  1283 | D:2      | Reached ** piety under Trog
  1713 | D:3      | Reached XP level 4. HP: 22/40 MP: 3/3
  1718 | D:3      | Reached skill level 5 in Axes
  2281 | D:3      | Found Gipsy's General Store.
  2314 | D:3      | Bought a +0 war axe for 49 gold pieces
  2543 | D:4      | Noticed an ogre
  2546 | D:4      | Reached XP level 5. HP: 37/46 MP: 4/4
  2554 | D:4      | Reached skill level 6 in Axes
  2555 | D:4      | Killed an ogre
  2601 | D:4      | Reached skill level 7 in Axes
  2736 | D:4      | Reached XP level 6. HP: 49/52 MP: 5/5
  3001 | D:4      | Reached skill level 8 in Axes
  3177 | D:4      | Identified the amulet "Hesta" {Reflect Harm Int+3 SH+5
                  | Stlth+}
  3496 | D:5      | Entered Level 5 of the Dungeon
  3542 | D:5      | Found a blossoming altar of Fedhas.
  3616 | D:5      | Reached skill level 9 in Axes
  3616 | D:5      | Reached XP level 7. HP: 38/59 MP: 6/6
  3981 | D:5      | Found a staircase to the Ecumenical Temple.
  4378 | D:6      | Noticed Blork the orc
  4385 | D:6      | Killed Blork the orc
  4386 | D:6      | Reached skill level 10 in Axes
  4913 | D:6      | Noticed Sigmund
  4920 | D:6      | Killed Sigmund
  4921 | D:6      | Reached skill level 11 in Axes
  4921 | D:6      | Reached XP level 8. HP: 66/66 MP: 7/7
  5004 | D:6      | Found a runed translucent gate.
  5004 | D:6      | Found a runed translucent gate.
  5004 | D:6      | Noticed wormed's ghost (novice HOFi)
  5005 | D:6      | Found a runed translucent gate.
  5385 | D:6      | Killed wormed's ghost
  5386 | D:6      | Reached skill level 13 in Axes
  5426 | D:7      | Noticed Prince Ribbit
  5440 | D:7      | Slain by an unseen horror

Illustrated notes

Levels and vault maps discovered:
D:1:      minmay_arrival_solitary_statue, layout_rooms,
          hellmonk_ecumenical_altar_inner_sanctum
D:2:      layout_basic, basic_altar, serial_shops, nicolae_shop_crystal,
          minmay_misc_feat_ornament
D:3:      layout_loops_cross, serial_shops, shop, kennysheep_generic_room_12
D:4:      layout_loops_ring, nicolae_titane
D:5:      layout_basic, fedhas_bush_and_centaur_altar,
          minmay_temple_entry_antechambers
D:6:      layout_loops_ring, ebering_ghost_rock_garden, uniq_blork_the_orc,
          uniq_sigmund
D:7:      layout_basic, general_overflow_altar, minivault_25,
          uniq_crazy_yiuf_cottage, uniq_joseph, uniq_prince_ribbit1

Skill      XL: |  1  2  3  4  5  6  7  8 |
---------------+-------------------------+-----
Fighting       | 4 |  4.2
Axes           | 4 5 7 9 11 13 | 13.1
Armour         | 3 |  3.2
Dodging        | 3 |  3.0

Action                   |  1- 3 |  4- 6 |  7- 9 || total
-------------------------+-------+-------+-------++-------
Melee: Hand axe          |   105 |    19 |       ||   124
       Headbutt          |    16 |    20 |    13 ||    49
       Punch             |     3 |       |       ||     3
       War axe           |       |    92 |    88 ||   180
Invok: Berserk           |       |     6 |     5 ||    11
       Trog's Hand       |       |     5 |     5 ||    10
  Use: Scroll            |       |     9 |     2 ||    11
       Potion            |       |     2 |     2 ||     4
Armor: Plate armour      |    72 |    66 |    43 ||   181
       Animal skin       |     1 |       |       ||     1
Dodge: Dodged            |    41 |    46 |    16 ||   103
Block: Other             |       |       |     4 ||     4
